 Dungeon Crawl Stone Soup version 0.26-a0-490-gf8362a0c98 (webtiles) character file.

Game seed: 16268095668135183861

0 ANON1729 the Sneak (level 1, 0/19 HPs)
             Began as a Palentonga Delver on Aug 4, 2020.
             Succumbed to an adder's poison
             ... on level 5 of the Dungeon.
             The game lasted 00:00:55 (458 turns).

ANON1729 the Sneak (Palentonga Delver)               Turns: 458, Time: 00:00:55

Health: 0/19       AC:  5    Str: 15    XL:     1   Next: 8%
Magic:  1/1        EV:  9    Int: 10    God:
Gold:   17         SH:  0    Dex: 11    Spells: 0/0 levels left

rFire    . . .     SeeInvis +   a - +0 falchion
rCold    . . .     Faith    .   (no shield)
rNeg     . . .     Spirit   .   b - +0 leather armour
rPois    .         Reflect  .   h - +0 helmet
rElec    .         Harm     .   (no cloak)
rCorr    .                      (no gloves)
MR       +....                  (boots restricted)
Stlth    ++........             (no amulet)
HPRegen  0.06/turn              e - ring of protection from magic
MPRegen  0.07/turn              (no ring)

@: lethally poisoned (0 -> -4), hasted, very quick
A: large, rugged brown scales 3, see invisible, deformed body, roll, armoured
tail
a: Rolling Charge


You were on level 5 of the Dungeon.
You visited 1 branch of the dungeon, and saw 1 of its levels.

You collected 17 gold pieces.

Inventory:

Hand Weapons
 a - a +0 falchion (weapon)
Armour
 b - a +0 leather armour (worn)
 h - a +0 helmet (worn)
Jewellery
 e - a ring of protection from magic (left hand)
Wands
 g - a wand of digging (3)
Scrolls
 c - a scroll of fog
 d - a scroll of magic mapping
 i - a scroll of identify {unknown}


   Skills:
 + Level 3.0 Fighting
 + Level 2.0 Long Blades
 + Level 1.5 Dodging
 + Level 3.3 Stealth


You couldn't memorise any spells.
You didn't know any spells.
Your spell library was empty.

Dungeon Overview and Level Annotations

Branches:
Dungeon (5/15)
 Temple: D:4-7

Altars:


Innate Abilities, Weirdness & Mutations

You are completely covered in rugged brown scales. (AC +3, +7% HP)
You have supernaturally acute eyesight. (SInv)
Armour fits poorly on your strangely shaped body.
You can roll at foes to attack.
You have a long armoured tail.


Message History

The adder bites you but does no damage.
You barely miss the adder.
The adder is almost dead.
The adder bites you.
* * * LOW HITPOINT WARNING * * *
The adder bites you but does no damage.
You miss the adder.
Your tail-slap misses the adder.
The adder is almost dead.
* * * LOW HITPOINT WARNING * * *
You feel sick. The adder bites you but does no damage.
You feel yourself speed up. The adder bites you.
* * * LOW HITPOINT WARNING * * *
The adder closely misses you.
You closely miss the adder.
The adder is almost dead.
The adder barely misses you.
You riposte.
You closely miss the adder.
The adder is almost dead.
You closely miss the adder.
The adder is almost dead.
You die...

#. ... ##.##.#
# #...#.##.###s
#............ #
#.. #S# # #.
#.##.##.# #.#
#......#
..###.(######.#
#.#.#.S@...>.#
##.##.########
#...#.## #
#......# #
#...#.†# #
#####..# # #..#
# #..# #.(#


You could see an adder.

Vanquished Creatures
  A frilled lizard (D:5)
1 creature vanquished.

Notes
Turn   | Place    | Note
-------+----------+-------------------------------------------
     0 | D:5      | ANON1729 the Palentonga Delver began the quest for the Orb.
     0 | D:5      | Reached XP level 1. HP: 19/19 MP: 1/1
    73 | D:5      | Noticed a hound
   439 | D:5      | Noticed a scorpion
   458 | D:5      | Succumbed to an adder's poison

Illustrated notes

Levels and vault maps discovered:
D:5:      layout_loops_ring, kennysheep_mini_moat

Action                   || total
-------------------------++-------
Melee: Falchion          ||    15
 Abil: Rolling Charge    ||     1
  Use: Scroll            ||     1
       Potion            ||     1
Armor: Leather armour    ||     8
Dodge: Dodged            ||    10
       Rpst.: Falchion   ||     6

Table legend: (Time is in decaauts)
 A = Elapsed time spent in this place.
 B = Non-inter-level travel time spent in this place.
 C = Inter-level travel time spent in this place.
 D = Time resting spent in this place.
 E = Time spent auto-exploring this place.
 F = Levels seen in this place.
 G = Mean time per level.
                   A        B        C        D        E       F      G
               +--------+--------+--------+--------+--------+-----+--------+
         Total |    459 |    459 |      0 |    257 |    130 |   1 |  459.0 |
       Dungeon |    459 |    459 |      0 |    257 |    130 |   1 |  459.0 |
               +--------+--------+--------+--------+--------+-----+--------+

Top non-repeatable levels by time:
     D:5: 459 daAuts
